 Dungeon Sprint DCSS version 0.26.1-11-gd32895ea62 (webtiles) character file.

Game seed: 3906948974944605023

1196 Zeld the Blocker (level 8, 0/80 HPs)
             Began as a Deep Dwarf Fighter on June 15, 2021.
             Was a Believer of Makhleb.
             Slain by Snorg (2 damage)
             ... in the Dungeon (Sprint III: "The Ten Rune Challenge").
             The game lasted 00:02:04 (1102 turns).

Zeld the Blocker (Deep Dwarf Fighter)               Turns: 1102, Time: 00:02:04

Health: 0/80       AC:  6    Str: 21    XL:     8   Next: 20%
Magic:  0/0        EV: 13    Int: 10    God:    Makhleb [**....]
Gold:   49         SH: 12    Dex: 12    Spells: 7/7 levels left

rFire    . . .     SeeInvis .   a - +0 war axe
rCold    . . .     Faith    .   c - +0 kite shield
rNeg     . . .     Spirit   .   b - +0 scale mail
rPois    .         Reflect  .   (no helmet)
rElec    .         Harm     .   (no cloak)
rCorr    +         Rampage  .   (no gloves)
Will     +....     NoTele   +   (no boots)
Stlth    ..........             (no amulet)
HPRegen  0.00/turn              k - ring of resist corrosion
MPRegen  0.07/turn              (no ring)

@: non-regenerating
A: damage resistance, heal wounds, sense surroundings 1, no regeneration
a: Heal Wounds, Renounce Religion, Minor Destruction


You were in the Dungeon.
You worshipped Makhleb.
Makhleb was pleased with you.
You visited 1 branch You collected 49 gold pieces.

Inventory:

Hand Weapons
 a - a +0 war axe (weapon)
Armour
 b - a +0 scale mail (worn)
 c - a +0 kite shield (worn)
Jewellery
 k - a ring of resist corrosion (left hand)
Scrolls
 m - a scroll of immolation {unknown}
 n - 4 scrolls of identify
 o - a scroll of fear {unknown}
 q - a scroll of torment {unknown}
 r - 2 scrolls of remove curse
Potions
 e - 4 potions of curing
 f - a potion of heal wounds
 g - a potion of haste
 h - 2 potions of magic
 l - 2 potions of mutation {unknown}
 p - 2 potions of attraction {unknown}


   Skills:
 + Level 7.2 Fighting
 * Level 11.5 Axes
 - Level 3.2 Armour
 + Level 8.1 Dodging
 * Level 11.8 Shields


You had 7 spell levels left.
You didn't know any spells.
Your spell library contained the following spells:

 Spells                   Type           Power        Failure   Level
 Animate Skeleton         Necr           0%           83%         1
 Apportation              Tloc           0%           83%         1
 Corona                   Hex            0%           83%         1
 Magic Dart               Conj           0%           83%         1
 Summon Small Mammal      Summ           0%           83%         1
 Blink                    Tloc           N/A          93%         2
 Call Imp                 Summ           0%           93%         2
 Slow                     Hex            0%           93%         2
 Conjure Flame            Conj/Fire      0%           99%         3
 Mephitic Cloud           Conj/Pois/Air  0%           99%         3


Dungeon Overview and Level Annotations

Branches:
Dungeon (1/1)

Altars:
Cheibriados
Dithmenos
Elyvilon
Fedhas
Gozag
Hepliaklqana
Kikubaaqudgha
Makhleb
Nemelex Xobeh
Okawaru
Qazlal
Ru
Sif Muna
Trog
Uskayaw
Vehumet
Wu Jian
Xom
Yredelemnul
Zin
The Shining One
Beogh
Jiyva
Lugonu

Annotations:
D Snorg


Innate Abilities, Weirdness & Mutations

You are resistant to damage.
You can heal yourself by infusing magical energy.
You passively map a small area around you.
You do not regenerate.


Message History

Snorg is severely wounded.
Snorg bites you!! Snorg misses you. Snorg claws you.
You closely miss Snorg.
Snorg is severely wounded.
Snorg bites you! Snorg claws you but does no damage. Snorg claws you!
You block Snorg's attack. Snorg misses you. Snorg claws you!
* * * LOW HITPOINT WARNING * * *
You barely miss Snorg.
Snorg is severely wounded.
Snorg bites you!!
* * * LOW HITPOINT WARNING * * *
Snorg closely misses you. Snorg barely misses you.
You hit Snorg.
Snorg is severely wounded.
You block Snorg's attack. x2; Snorg claws you but does no damage.
You closely miss Snorg.
Snorg is severely wounded.
Snorg barely misses you. You block Snorg's attack. Snorg completely misses you.
Snorg barely misses you. Snorg claws you.
You die...

♣♣ ♣.#___#___#__# .♣
♣.#)..#__.#._# , , ,
.♣♣♣♣.###'#'###)## , , ,,
, ......#..........# ,
≈.♣...'.⌠........#, ,
≈≈≈.♣.#...######'#,* ,,
≈≈....#.⌠.#__#...#+#####
**
≈.....#...#__#...#.§§≈≈+
......#)###__#..@#.#§≈≈#
*
......#...#__#...T.#.§§#,
,
......#___#__'...#.#§§.#
, ,
▓▓▓▓▓▓▓▓▓▓▓▓▓▓▓▓▓▓▓▓▓▓▓▓
** ≈ * ≈ , , ≈ *,≈ ≈+ ≈
≈≈ ≈ , ≈ , , * ** * , ≈≈
, * * * **


You could see Snorg (berserk).

Vanquished Creatures
  A deep elf mage (D)
  A shadow (D)
  A spatial vortex (D)
  A necrophage (D)
  A water elemental (D)
  A jelly (D)
  A wizard (D)
  A necromancer (D)
  3 humans (D)
  A kobold demonologist (D)
  A wolf (D)
  An ooze (D)
  3 rats (D)
17 creatures vanquished.

Notes
Turn   | Place    | Note
-------+----------+-------------------------------------------
     0 | D        | Zeld the Deep Dwarf Fighter began the quest for the Orb.
     0 | D        | Reached XP level 1. HP: 20/20 MP: 1/1
    16 | D        | Reached skill level 1 in Dodging
   171 | D        | Reached XP level 2. HP: 28/28 MP: 2/2
   214 | D        | Reached skill level 5 in Shields
   214 | D        | Reached XP level 3. HP: 14/34 MP: 3/3
   273 | D        | Noticed a water elemental
   281 | D        | Killed a water elemental
   282 | D        | Reached XP level 4. HP: 14/44 MP: 4/4
   492 | D        | Noticed a shadow
   500 | D        | Killed a shadow
   501 | D        | Reached skill level 5 in Fighting
   501 | D        | Reached skill level 5 in Dodging
   501 | D        | Reached XP level 5. HP: 32/52 MP: 4/4
   501 | D        | Reached XP level 6. HP: 38/61 MP: 5/5
   617 | D        | Found a blossoming altar of Fedhas.
   617 | D        | Found a stormy altar of Qazlal.
   617 | D        | Found a snail-covered altar of Cheibriados.
   617 | D        | Found a burning altar of Makhleb.
   617 | D        | Found a shimmering altar of Xom.
   618 | D        | Found a hazy altar of Hepliaklqana.
   618 | D        | Found an opulent altar of Gozag.
   618 | D        | Found a sparkling altar of Nemelex Xobeh.
   618 | D        | Found a corrupted altar of Lugonu.
   618 | D        | Found a viscous altar of Jiyva.
   618 | D        | Noticed a spatial vortex
   621 | D        | Became a worshipper of Makhleb the Destroyer
   634 | D        | Killed a spatial vortex
   714 | D        | Found a radiant altar of Vehumet.
   728 | D        | Noticed a ynoxinul
   728 | D        | Found a shimmering blue altar of Sif Muna.
   728 | D        | Found an ancient bone altar of Kikubaaqudgha.
   729 | D        | Reached * piety under Makhleb
   813 | D        | Found a glowing silver altar of Zin.
   813 | D        | Found a glowing golden altar of the Shining One.
   813 | D        | Found a white marble altar of Elyvilon.
   814 | D        | Noticed a deep elf mage
   830 | D        | Killed a deep elf mage
   831 | D        | Reached skill level 10 in Axes
   831 | D        | Reached XP level 7. HP: 52/70 MP: 5/5
   908 | D        | Found a hide-covered altar of Uskayaw.
   908 | D        | Found a roughly hewn altar of Beogh.
   908 | D        | Found an iron altar of Okawaru.
   908 | D        | Found a bloodstained altar of Trog.
   908 | D        | Found an ornate altar of the Wu Jian Council.
   908 | D        | Noticed a human
   909 | D        | Noticed a human
   920 | D        | Killed a human
   932 | D        | Killed a human
   932 | D        | Reached ** piety under Makhleb
   933 | D        | Reached XP level 8. HP: 76/80 MP: 6/6
   998 | D        | Found a basalt altar of Yredelemnul.
   998 | D        | Found a shadowy altar of Dithmenos.
   998 | D        | Found a sacrificial altar of Ru.
  1057 | D        | Noticed Snorg
  1070 | D        | HP: 2/80 [Snorg (12)]
  1100 | D        | HP: 2/80 [Snorg (22)]
  1102 | D        | Slain by Snorg

Illustrated notes

Levels and vault maps discovered:
D:        dungeon_sprint_mu [sprint_mu_entry_forest, sprint_mu_temple_rooms,
          sprint_mu_d1_horrors, sprint_mu_d2_genie, sprint_mu_d3_branching,
          sprint_mu_orc_legion, sprint_mu_elf_gauntlet, sprint_mu_hive_nellie,
          sprint_mu_lair_fedhas, sprint_mu_vaults_butterflies,
          sprint_mu_slime_circle, sprint_mu_swamp_cave, sprint_mu_shoals_kraken,
          sprint_mu_blade_basic, sprint_mu_crypt_fortress,
          sprint_mu_tomb_spiral, sprint_mu_vestibule_basic,
          sprint_mu_gehenna_hellfire, sprint_mu_dis_giant,
          sprint_mu_tartarus_statrot, sprint_mu_cocytus_islands, sprint_mu_zot1]

Skill      XL: |  1  2  3  4  5  6  7  8 |
---------------+-------------------------+-----
Fighting       | 3 4 5 6 7 |  7.2
Axes           | 4 6 8 10 11 | 11.5
Dodging        | 2 3 5 7 8 |  8.1
Shields        | 4 5 6 8 11 | 11.8
Armour         | |  3.2

Action                   |  1- 3 |  4- 6 |  7- 9 || total
-------------------------+-------+-------+-------++-------
Melee: War axe           |    44 |    45 |    54 ||   143
 Abil: Heal Wounds       |     3 |     4 |    16 ||    23
  Use: Potion            |     1 |     1 |       ||     2
       Scroll            |       |       |     1 ||     1
 Stab: Distracted        |       |     1 |       ||     1
Armor: Scale mail        |    12 |     8 |    10 ||    30
Dodge: Dodged            |    10 |     3 |    59 ||    72
Block: Kite shield       |    22 |     8 |    54 ||    84
